 Dungeon Crawl Stone Soup version 0.30-b1-2-g02819fbbbe (webtiles) character file.

Game seed: 4787207737583562300

33614 nightchill the Brawler (level 13, -4/123 HPs)
             Began as a Ghoul Gladiator on Aug 30, 2023.
             Was an Initiate of Gozag.
             Slain by a phantasmal warrior (9 damage)
             ... on level 11 of the Dungeon on Sept 1, 2023.
             The game lasted 00:38:31 (16481 turns).

nightchill the Brawler (Ghoul Gladiator)           Turns: 16481, Time: 00:38:32

Health: -4/123     AC: 24    Str: 29    XL:     13   Next: 72%
Magic:  12/12      EV: 16    Int:  3    God:    Gozag
Gold:   2517       SH:  0    Dex: 10    Spells: 12/12 levels left

rFire   + .          .
                       - Unarmed
rCold   + + .        (no shield)
rNeg    + + +        N - +2 scale mail {rF+}
rPois   ∞            p - +2 helmet
rElec   .            G - +2 cloak
rCorr   .            s - +2 pair of gloves
SInv    .            P - +3 pair of mountain boots {steadfast, rC+}
Will    .....        (no amulet) Stlth
                     k - +6 ring of strength
HPRegen 0.00/turn    j - +5 ring of evasion
MPRegen 0.13/turn

%: no passive effects
@: gold aura, inhibited regen
A: claws 1, cold resistance 1, negative energy resistance 3, inhibited
regeneration, torment resistance 2, devour on kill
a: Renounce Religion, Potion Petition, Call Merchant, Bribe Branch


You were on level 11 of the Dungeon.
You worshipped Gozag.
Gozag was most pleased with you.
You visited 3 branches of the dungeon, and saw 16 of its levels.
You also visited: Sewer and Ossuary.

You collected 3479 gold pieces.
You spent 871 gold pieces at shops.
You paid 91 gold pieces to Gozag.

Inventory:

Missiles
 c - 3 throwing nets (quivered)
 d - 12 javelins
Armour
 p - a +2 helmet (worn)
 s - a +2 pair of gloves (worn)
 G - a +2 cloak (worn)
 K - a +0 plate armour
 N - a +2 scale mail of fire resistance (worn)
 P - the +3 pair of mountain boots (worn) {steadfast, rC+}
   (You bought it in a shop on level 10 of the Dungeon)

   Steadfast: It prevents involuntary movement, except for blinking,
   teleportation, or banishment.
   rC:        It protects you from cold.
 R - a +0 helmet of intelligence
Jewellery
 j - a +5 ring of evasion (right hand)
 k - a +6 ring of strength (left hand)
 y - a ring of see invisible
 z - a ring of resist corrosion
 D - a ring of fire
 J - a ring of magical power
Wands
 o - a wand of mindburst (28)
 B - a wand of polymorph (3)
 F - a wand of charming (14)
 I - a wand of flame (21)
 Q - a wand of roots (10)
Scrolls
 a - 4 scrolls of amnesia {unknown}
 e - 5 scrolls of fear {unknown}
 g - 3 scrolls of enchant weapon {unknown}
 h - 4 scrolls of poison
 l - 6 scrolls of identify
 n - 6 scrolls of enchant armour {unknown}
 r - 2 scrolls of noise {unknown}
 v - 7 scrolls of teleportation
 w - 3 scrolls of summoning
 x - 5 scrolls of vulnerability {unknown}
 A - 2 scrolls of magic mapping
 H - 2 scrolls of silence {unknown}
 O - 3 scrolls of blinking {unknown}
Potions
 b - 3 potions of cancellation
 f - 3 potions of invisibility
 i - 3 potions of brilliance
 m - 2 potions of magic
 q - 3 potions of curing
 t - 3 potions of flight
 C - 3 potions of might
 E - 2 potions of resistance
 L - 2 potions of attraction
 M - a potion of ambrosia


   Skills:
 + Level 13.9 Fighting
 - Level 1.7 Throwing
 + Level 7.5 Armour
 - Level 2.6 Dodging
 * Level 19.1 Unarmed Combat


You had 12 spell levels left.
You didn't know any spells.
Your spell library contained the following spells:

 Spells                   Type           Power      Damage    Failure   Level
 Magic Dart               Conj           0%         1d3       75%         1
 Slow                     Hex            0%         N/A       75%         1
 Call Imp                 Summ           0%         N/A       87%         2
 Confusing Touch          Hex            0%         N/A       98%         3
 Dazzling Flash           Conj/Hex       0%         N/A       98%         3
 Mephitic Cloud           Conj/Pois/Air  0%         N/A       98%         3
 Vampiric Draining        Necr           0%         2d6       98%         3
 Vhi's Electric Charge    Tloc/Air       0%         N/A       98%         3
 Volatile Blastmotes      Fire/Tloc      0%         2d10      98%         3
 Iskenderun's Mystic Bla  Conj/Tloc      0%         2d3       100%        4
 Passage of Golubria      Tloc           0%         N/A       100%        4
 Arcjolt                  Conj/Air       0%         1d10      100%        5
 Silence                  Hex/Air        0%         N/A       100%        5
 Plasma Beam              Fire/Air       0%         2x1d11    100%        6
 Starburst                Conj/Fire      0%         6d3       100%        6
 Lehudib's Crystal Spear  Conj/Erth      0%         10d2      100%        8


Dungeon Overview and Level Annotations

Branches:
Dungeon (11/15)            Temple (1/1) D:5            Lair (4/5) D:9
  Swamp (0/4) Lair:2        Snake (0/4) Lair:2        Slime (0/5) Lair:4
  Sewer (visited)         Ossuary (visited)
    Orc: D:9-12

Altars:
Ashenzari
Dithmenos
Fedhas
Gozag
Kikubaaqudgha
Makhleb
Nemelex Xobeh
Okawaru
Qazlal
Ru
Sif Muna
Trog
Uskayaw
Vehumet
Wu Jian
Xom
Yredelemnul
Jiyva

Shops:
D:5 [   D:8 ((((   D:9 (   D:10 [

Annotations:
D:7 2 runed translucent doors, redmage's ghost, novice MeEE
Lair:1 exclusion: oklob plant


Innate Abilities, Weirdness & Mutations

You are immune to poison.
You have sharp fingernails.
Your flesh is cold resistant. (rC+)
You are immune to negative energy. (rN+++)
You do not regenerate when monsters are visible.
You are immune to unholy pain and torment.
You thrive by killing the living.


Message History

The fire giant hits you with a +1 great sword of flaming!!
* * * LOW HITPOINT WARNING * * *
The fire giant burns you.
* * * LOW HITPOINT WARNING * * *
You pummel the fire giant!!
The fire giant is heavily wounded.
The fire giant barely misses you.
You hit the fire giant but do no damage.
You punch the fire giant!
The fire giant is severely wounded.
You hit the fire giant.
The fire giant is severely wounded.
The fire giant points at you and mumbles some strange words.
The fireball explodes!
The fireball engulfs you! You resist.
* * * LOW HITPOINT WARNING * * *
The fireball engulfs the fire giant.
The fire giant resists.
The phantasmal warrior gestures at you.
The phantasmal warrior blinks!
You barely miss the fire giant.
The fire giant is severely wounded.
The fire giant gestures at you while chanting.
The bolt of fire hits you! You resist.
* * * LOW HITPOINT WARNING * * *
The phantasmal warrior hits you!
* * * LOW HITPOINT WARNING * * *
You punch the fire giant! x2
The fire giant is almost dead.
You hit the fire giant.
The fire giant is almost dead.
The fire giant gestures at you while chanting.
The bolt of fire hits you! You resist.
* * * LOW HITPOINT WARNING * * *
The phantasmal warrior hits you but does no damage.
You punch the fire giant!
You kill the fire giant!
You feel better.
A tengu warrior comes into view. It is wielding a +0 war axe.
The phantasmal warrior hits you!
You die...
Your body crumbles into a pile of gold.

#..#>.....##'####..
Q..#......#........
#..########....))..
#........##....)...
#........#########.
#c.......#.......#. #### ?..
#.$......#.......#. ...# #...
#$########.......#. ...## )....
#W@..............#. ....# ##.....
#########........+. .⌠..##!.c...#
#........#.
.....#°*...)###########........#.
.....#c...# #..................#.
.Qc*.'B..[###########'##.....#'#.
#'#########......#.....#..#..#...
.....##..........#.....#..#..#...
.....##..........#...<.#..#..#...


You could see a tengu warrior (wandering), a phantasmal warrior and a yaktaur.

Vanquished Creatures
  A fire giant (D:11)
  2 hydras
  An ogre mage (D:11)
  2 boulder beetles
  Erica (D:8)
  A two-headed ogre (D:9)
  Nergalle (Lair:3)
  2 bog bodies (Lair:2)
  Pikel (D:7)
  3 elephants (Lair:4)
  2 cyclopes (D:9)
  Joseph (D:7)
  2 black mambas
  7 cane toads
  Maggie (D:8)
  Psyche (D:8)
  2 komodo dragons
  An unseen horror (D:11)
  An efreet (D:9)
  2 kobold demonologists (D:10)
  A rime drake (Lair:2)
  A troll (D:11)
  2 hornets
  10 blink frogs
  Prince Ribbit (D:7)
  6 dream sheep (Lair:3)
  2 wraiths (D:11)
  54 yaks
  3 wyverns
  2 shadows
  2 basilisks
  A steam dragon (D:9)
  5 nagas (Lair:2)
  A vampire mosquito (D:9)
  2 acid dragons (D:11)
  14 water moccasins
  An ice beast (D:5)
  4 orc warriors
  A sky beast (D:6)
  14 wolves (Lair:2)
  A lemure (D:7)
  4 centaurs
  A phantom (D:5)
  Blork the orc (D:4)
  7 kobold brigands
  2 elf zombies (Ossuary)
  10 bullfrogs
  10 killer bees
  5 howler monkeys
  A centaur zombie (Ossuary)
  A quasit (D:6)
  2 hounds
  2 jellies (D:6)
  2 gnoll boudas
  7 orc priests
  10 orc wizards
  2 mummies (Ossuary)
  Robin (D:3)
  18 gnolls
  9 adders
  2 river rats (Sewer)
  2 shadow imps
  5 white imps (D:6)
  3 ufetubi
  An adder zombie (Ossuary)
  A worm (D:3)
  2 dart slugs
  36 orcs
  5 ball pythons
  10 endoplasms
  2 giant cockroaches
  9 goblins
  6 hobgoblins
  10 jackals
  3 quokkas
  6 bats
  A frilled lizard (D:2)
  A goblin zombie (Ossuary)
  10 hobgoblin zombies (Ossuary)
  A jackal zombie (Ossuary)
  37 kobolds
  6 kobold zombies (Ossuary)
  14 orc zombies (Ossuary)
  6 rats
  A rat zombie (Ossuary)
438 creatures vanquished.

Vanquished Creatures (others)
  A tengu conjurer (D:11)
  A sky beast (D:7)
  A jelly (D:5)
  A demonic plant (D:6)
  5 fungi
  8 plants
17 creatures vanquished.

Grand Total: 455 creatures vanquished

Notes
Turn   | Place    | Note
-------+----------+-------------------------------------------
     0 | D:1      | nightchill the Ghoul Gladiator began the quest for the Orb.
     0 | D:1      | Reached XP level 1. HP: 17/17 MP: 0/0
   120 | D:1      | Reached XP level 2. HP: 25/25 MP: 1/1
   421 | D:1      | Reached skill level 4 in Unarmed Combat
   499 | D:1      | Reached XP level 3. HP: 30/30 MP: 2/2
  1293 | D:2      | Reached XP level 4. HP: 37/38 MP: 3/3
  1514 | D:2      | Found a faded altar of an unknown god.
  1521 | D:2      | Reached skill level 5 in Unarmed Combat
  2015 | D:3      | Reached XP level 5. HP: 45/45 MP: 4/4
  2015 | D:3      | Found a glowing drain.
  2024 | Sewer    | Entered a sewer
  2112 | Sewer    | Noticed a kobold brigand
  2154 | Sewer    | Killed a kobold brigand
  2155 | Sewer    | Reached skill level 6 in Unarmed Combat
  2162 | Sewer    | Noticed a kobold brigand
  2251 | Sewer    | Killed a kobold brigand
  2252 | Sewer    | Reached XP level 6. HP: 42/53 MP: 5/5
  2703 | D:3      | Noticed Robin
  2714 | D:3      | Killed Robin
  3452 | D:4      | Noticed Blork the orc
  3475 | D:4      | Killed Blork the orc
  3476 | D:4      | Reached skill level 7 in Unarmed Combat
  3476 | D:4      | Reached XP level 7. HP: 43/60 MP: 6/6
  4079 | D:4      | Reached skill level 5 in Fighting
  4182 | D:5      | Entered Level 5 of the Dungeon
  4192 | D:5      | Found Tadgherokh's Antique Armour Shop.
  4209 | D:5      | Found a sand-covered staircase.
  4213 | Ossuary  | Entered an ossuary
  4432 | Ossuary  | Reached skill level 8 in Unarmed Combat
  4681 | D:5      | Reached XP level 8. HP: 70/70 MP: 7/7
  4823 | D:5      | Reached skill level 9 in Unarmed Combat
  4901 | D:5      | Found a staircase to the Ecumenical Temple.
  5245 | Temple   | Entered the Ecumenical Temple
  5464 | Temple   | Became a worshipper of Gozag Ym Sagoz the Greedy
  5855 | D:6      | Reached skill level 10 in Unarmed Combat
  6451 | D:7      | Reached XP level 9. HP: 72/79 MP: 8/8
  6587 | D:7      | Noticed Pikel
  6603 | D:7      | Killed Pikel
  6604 | D:7      | Reached skill level 11 in Unarmed Combat
  6901 | D:7      | Noticed Joseph
  7024 | D:7      | Killed Joseph
  7025 | D:7      | Reached skill level 12 in Unarmed Combat
  7103 | D:7      | Noticed Prince Ribbit
  7121 | D:7      | Killed Prince Ribbit
  7478 | D:7      | Found a large runed translucent door.
  7478 | D:7      | Found a large runed translucent door.
  7482 | D:7      | Noticed redmage's ghost (novice MeEE)
  7560 | D:8      | Noticed a hornet
  7568 | D:8      | Killed a hornet
  7569 | D:8      | Reached XP level 10. HP: 91/91 MP: 9/9
  7650 | D:8      | Noticed Psyche
  7662 | D:8      | Killed Psyche
  7663 | D:8      | Reached skill level 13 in Unarmed Combat
  7693 | D:8      | Noticed Maggie
  7701 | D:8      | Killed Maggie
  7708 | D:8      | Found Zayh's Weapon Boutique.
  8042 | D:8      | Found Esoi's Antique Weapon Shoppe.
  8098 | D:8      | Found Afuomp's Weapon Boutique.
  8175 | D:8      | Found Kygom's Weapon Boutique.
  8300 | D:8      | Noticed Erica
  8327 | D:8      | Killed Erica
  8328 | D:8      | Reached skill level 10 in Fighting
  8721 | D:8      | Reached skill level 14 in Unarmed Combat
  9044 | D:9      | Reached XP level 11. HP: 93/101 MP: 10/10
  9145 | D:9      | Reached skill level 15 in Unarmed Combat
  9193 | D:9      | Found Liuwur's Antique Weapon Shop.
  9478 | D:9      | Reached skill level 1 in Armour
  9479 | D:9      | Found a staircase to the Lair.
  9759 | D:9      | Noticed a cyclops
  9759 | D:9      | Noticed a cyclops
  9827 | D:9      | Killed a cyclops
  9914 | D:9      | Killed a cyclops
 10105 | D:9      | Found an ancient bone altar of Kikubaaqudgha.
 10332 | D:9      | Noticed a two-headed ogre
 10339 | D:9      | Killed a two-headed ogre
 10565 | D:10     | Entered Level 10 of the Dungeon
 10619 | D:10     | Identified the +0 leather armour "Boitooni" {Str+6}
 10740 | D:10     | Reached skill level 16 in Unarmed Combat
 10896 | D:10     | Found Jabiec's Antique Armour Emporium.
 10905 | D:10     | Bought the +3 pair of mountain boots {steadfast, rC+} for
                  | 871 gold pieces
 10905 | D:10     | Found the +3 pair of mountain boots {steadfast, rC+}
 11195 | D:10     | Found a sparkling altar of Nemelex Xobeh.
 11195 | D:10     | Noticed an eight-headed hydra
 11203 | D:10     | Killed an eight-headed hydra
 11372 | D:10     | Found a broken altar of Ashenzari.
 11484 | Lair:1   | Entered Level 1 of the Lair of Beasts
 11573 | Lair:1   | Reached XP level 12. HP: 108/112 MP: 11/11
 11658 | Lair:1   | Noticed a boulder beetle
 11691 | Lair:1   | Killed a boulder beetle
 12217 | Lair:1   | Reached skill level 17 in Unarmed Combat
 12318 | Lair:1   | Reached skill level 5 in Armour
 12703 | Lair:2   | Found a staircase to the Swamp.
 13127 | Lair:2   | Found a staircase to the Snake Pit.
 13255 | Lair:2   | Noticed a four-headed hydra
 13267 | Lair:2   | Killed a four-headed hydra
 13268 | Lair:2   | Reached skill level 18 in Unarmed Combat
 13268 | Lair:2   | Reached XP level 13. HP: 122/122 MP: 12/12
 14604 | Lair:3   | Noticed Nergalle
 14613 | Lair:3   | Killed Nergalle
 14815 | Lair:4   | Found an opulent altar of Gozag.
 15501 | Lair:4   | Found a viscous altar of Jiyva.
 15501 | Lair:4   | Found a staircase to the Slime Pits.
 16070 | D:11     | Noticed a yaktaur captain
 16075 | D:11     | Noticed a sphinx
 16097 | D:11     | Reached skill level 19 in Unarmed Combat
 16104 | D:11     | Paralysed by an ogre mage for 5 turns
 16458 | D:11     | Noticed a fire giant
 16480 | D:11     | HP: 2/123 [fire giant/bolt of fire (16)]
 16481 | D:11     | Killed a fire giant
 16481 | D:11     | Slain by a phantasmal warrior

Illustrated notes

Levels and vault maps discovered:
D:1:      dpeg_arrival_fog, layout_basic, minmay_liquid_box
D:2:      minmay_evil_eye, layout_basic, shapermc_ecumenical_altar_gd
D:3:      layout_loops_ring, portal_sewer_entry_d, uniq_robin
D:4:      layout_loops_corners, st_stairs_11, uniq_blork_the_orc
D:5:      layout_gridville, minmay_temple_entry_mist, serial_shops, shop,
          lightli_ossuary_entry_decrepit_ruins, hex_medium,
          lemuel_flamethrower_2
D:6:      layout_loops_cross, serial_demonic, serial_demonic_c,
          serial_demonic_f, serial_demonic_g, serial_demonic_a,
          serial_demonic_a, serial_demonic_f
D:7:      layout_basic, ebering_ghost_disaster_area, uniq_joseph,
          uniq_prince_ribbit1, uniq_pikel
D:8:      layout_basic, serial_shops, nicolae_shop_hallway_stairs,
          nicolae_shop_behind_doors, shop, shop, uniq_maggie, uniq_erica,
          uniq_psyche
D:9:      minmay_bloctagon_deflated, layout_loops_corners, lemuel_crystal_altar,
          lair_entry_dummy, serial_shops, nicolae_take_the_stairs
D:10:     layout_roguey, serial_shops, shop, hangedman_feature_mirror
D:11:     layout_stronghold, nicolae_rejected_hall
Temple:   roderic_octagonal_lattice_temple
Lair:1:   layout_chaotic_city
Lair:2:   layout_regular_city, skrybe_swamp_entry_bodies,
          minmay_snake_entry_guardpost_medium
Lair:3:   layout_layer_cave, grunt_megastairs_2, uniq_nergalle
Lair:4:   layout_gridlike, dpeg_slime_entry_enclosed, basic_altar,
          serial_bayou_shore_b, infiniplex_staircase_pool_2

Skill      XL: |  1  2  3  4  5  6  7  8  9 10 11 12 13 |
---------------+----------------------------------------+-----
Unarmed Combat | 4 5 6 7 8 10 12 14 16 18 19 | 19.1
Fighting       | 3 4 5 7 9 10 11 13 | 13.9
Armour         | 3 6 7 |  7.5
Throwing       | |  1.7
Dodging        | |  2.6

Action                     |  1- 3 |  4- 6 |  7- 9 | 10-12 | 13-15 || total
---------------------------+-------+-------+-------+-------+-------++-------
  Melee: Unarmed           |    89 |   178 |   386 |   559 |   244 ||  1456
         Punch             |     2 |     3 |    10 |    60 |    21 ||    96
  Throw: Throwing net      |       |       |       |     1 |       ||     1
    Use: Scroll            |       |       |     9 |     5 |     1 ||    15
         Potion            |       |       |       |     1 |     4 ||     5
   Stab: Distracted        |       |       |     1 |     1 |       ||     2
 Armour: Leather armour    |    17 |       |       |       |       ||    17
         Ring mail         |     6 |    46 |   105 |    51 |       ||   208
         Scale mail        |       |       |       |   122 |   112 ||   234
         Plate armour      |       |       |       |    10 |       ||    10
  Dodge: Dodged            |    55 |    86 |   282 |   378 |   154 ||   955
